 Dungeon Crawl Stone Soup version 0.29-a0-67-g1d65ae1bb4 (webtiles) character file.

Game seed: 13767224328359615594

88 Devinter the Ducker (level 4, 0/34 HPs)
             Began as a Djinni Gladiator on Feb 2, 2022.
             Slain by a wyvern skeleton (10 damage)
             ... on level 3 of the Dungeon.
             The game lasted 00:10:53 (2185 turns).

Devinter the Ducker (Djinni Gladiator)              Turns: 2185, Time: 00:10:54

Health: 0/34       AC:  3    Str: 13    XL:     4   Next: 82%
Gold:   81         EV: 13    Int: 11    God:
                   SH:  0    Dex: 15

rFire   + + .      SeeInvis .   a - +0 quarterstaff
rCold   x . .      Faith    .   (shield currently unavailable)
rNeg    . . .      Spirit   .   b - +0 leather armour
rPois   ∞          Reflect  .   (helmet currently unavailable)
rElec   .          Harm     .   (no cloak)
rCorr   .          Rampage  .   (no gloves)
Will    .....                   (boots unavailable)
Stlth   +.........              (no amulet)
HPRegen 0.11/turn               (no ring)
MPRegen 0.00/turn               (no ring)

@: appendages (expiring), flying
A: horns 2, flying, sickness immunity, fire resistance 2, cold vulnerability 1,
float, innate caster, HP casting, extra vitality 1
a: End Transformation


You were on level 3 of the Dungeon.
You had temporarily grown beastly horns.
You visited 1 branch of the dungeon, and saw 3 of its levels.

You collected 81 gold pieces.

Inventory:

Hand Weapons
 a - a +0 quarterstaff (weapon)
Missiles
 d - 3 throwing nets (quivered)
 g - 91 stones
 j - 7 arrows
 n - 6 poisoned darts
Armour
 b - a +0 leather armour (worn)
 c - a +0 helmet (melded)
Scrolls
 f - a scroll of identify {unknown}
 h - a scroll of immolation {unknown}
 o - a scroll of teleportation {unknown}
 p - a scroll of silence {unknown}
Potions
 e - 2 potions of flight {unknown}
 i - a potion of berserk rage {unknown}
 k - a potion of heal wounds {unknown}
 l - a potion of invisibility {unknown}
 m - a potion of curing {unknown}


   Skills:
 + Level 2.8 Fighting
 + Level 3.2 Staves
 - Level 2.0 Throwing
 - Level 4.0 Dodging
 + Level 0.9 Spellcasting


You had 3 spell levels left.
You knew the following spells:

 Your Spells              Type           Power      Damage    Failure   Level
a - Beastly Appendage     Tmut           4%         N/A       28%         1
Your spell library was empty.

Dungeon Overview and Level Annotations

Branches:
Dungeon (3/15)

Altars:
Sif Muna
Xom


Innate Abilities, Weirdness & Mutations

You have temporarily grown beastly horns.
You are flying.
You are immune to sickness and miasma.
You are immune to poison.
Your flesh is very heat resistant. (rF++)
You are vulnerable to cold. (rC-)
You float through the air rather than walking.
You learn spells naturally, not from books.
Your magical power is your life essence.
You have superior vitality. (+4 MHP)


Message History

You are very lightly contaminated with residual magic.
Nothing appears to happen.
Casting: Beastly Appendage (safe; 28% risk of failure)
Confirm with . or Enter, or press ? or * to list all spells.
You miscast Beastly Appendage.
Nothing appears to happen.
The goblin hits you with a +0 club.
You barely miss the goblin. The goblin hits you but does no damage.
You hit the goblin.
The goblin is severely wounded.
The goblin closely misses you.
You barely miss the goblin.
The goblin is severely wounded.
The goblin hits you with a +0 club.
You hit the goblin.
You kill the goblin!
Things that are here:
a +0 club; a goblin corpse
Found a scroll labelled JIAVAROUPP.
Your magical contamination has completely faded away.
Found a gluggy blue potion.
A wyvern skeleton comes into view.
You see here a scroll labelled JIAVAROUPP.
p - a scroll labelled JIAVAROUPP
Casting: Beastly Appendage (safe; 28% risk of failure)
Confirm with . or Enter, or press ? or * to list all spells.
You grow a pair of large bovine horns.
Your +0 helmet melds into your body.
Your transformation is almost over.
You hit the wyvern skeleton.
The wyvern skeleton is lightly damaged.
The wyvern skeleton bites you!
You hit the wyvern skeleton but do no damage.
The wyvern skeleton is lightly damaged.
The wyvern skeleton bites you but does no damage.
The wyvern skeleton bites you!
* * * LOW HITPOINT WARNING * * *
You sock the wyvern skeleton! You headbutt the wyvern skeleton.
The wyvern skeleton is heavily damaged.
The wyvern skeleton bites you!
You die...

.....>...# ##..#.#..#
#..#.#..#########
##...............#
...#.#..#######.##
#..#.#............
#..#.#..#######.##
#Z.#.#..# #..#
..###@.#.#..# ##..#
#.!..........# #<..#
##.###..#.#..# #...#
#..#.#..# #...#
#..#.#..# #...# #
#.......# #...#
###.###..#.#########...#
.......................#
.........############..#


You could see a wyvern skeleton.

Vanquished Creatures
  3 adders
  A worm (D:2)
  A dart slug (D:1)
  4 ball pythons (D:1)
  5 bats
  4 endoplasms
  A giant cockroach (D:1)
  6 goblins
  5 hobgoblins
  4 jackals
  5 quokkas
  A frilled lizard (D:2)
  4 kobolds
  9 rats
53 creatures vanquished.

Notes
Turn   | Place    | Note
-------+----------+-------------------------------------------
     0 | D:1      | Devinter the Djinni Gladiator began the quest for the Orb.
     0 | D:1      | Reached XP level 1. HP: 18/18 MP: 0/0
   179 | D:1      | Reached XP level 2. HP: 23/23 MP: 0/0
   510 | D:1      | Reached XP level 3. HP: 27/29 MP: 0/0
   510 | D:1      | Learned a level 1 spell: Beastly Appendage
   594 | D:1      | Reached skill level 3 in Staves
   816 | D:1      | You are sucked into a shaft and drop 1 floor!
   816 | D:2      | Found a shimmering altar of Xom.
   825 | D:2      | Reached skill level 2 in Throwing
  1421 | D:2      | Reached XP level 4. HP: 29/34 MP: 0/0
  2139 | D:3      | Reached skill level 4 in Dodging
  2185 | D:3      | Slain by a wyvern skeleton

Illustrated notes

Levels and vault maps discovered:
D:1:      zaba_arrival_water, layout_basic
D:2:      layout_loops_ring, basic_altar
D:3:      layout_basic, mainiacjoe_overflow_alcove_1

Skill      XL: |  1  2  3  4 |
---------------+-------------+-----
Staves         | 3 |  3.2
Throwing       | 2 |  2.0
Dodging        | 4 |  4.0
Fighting       | |  2.8
Spellcasting   | |  0.9

Action                   |  1- 3 |  4- 6 || total
-------------------------+-------+-------++-------
Melee: Quarterstaff      |   133 |    52 ||   185
       Headbutt          |     1 |     3 ||     4
 Cast: Beastly Appendage |     5 |     9 ||    14
 Stab: Sleeping          |     1 |       ||     1
Armor: Leather armour    |    45 |    22 ||    67
Dodge: Dodged            |    97 |    45 ||   142

Table legend: (Time is in decaauts)
 A = Elapsed time spent in this place.
 B = Non-inter-level travel time spent in this place.
 C = Inter-level travel time spent in this place.
 D = Time resting spent in this place.
 E = Time spent auto-exploring this place.
 F = Levels seen in this place.
 G = Mean time per level.
                   A        B        C        D        E       F      G
               +--------+--------+--------+--------+--------+-----+--------+
         Total |   2216 |   2183 |     33 |    344 |    485 |   3 |  738.7 |
       Dungeon |   2216 |   2183 |     33 |    344 |    485 |   3 |  738.7 |
               +--------+--------+--------+--------+--------+-----+--------+

Top non-repeatable levels by time:
     D:1: 1329 daAuts
     D:2: 704 daAuts
     D:3: 182 daAuts
